AoeStats
← Tavik

Shoals

502985551Analyzed
3v3 EW · 1mo ago on Aug 29, 2026· 12m 29s· 6 players
Game mode
Empire Wars
Map size
Normal (6 player)
Population
200
Speed
Normal
Resources
Standard
Victory
Conquest
Starting age
Feudal Age
Ending age
Imperial Age
RankedLock teamsTeams togetherTeam positionsShared explorationLock speedFull tech treeHidden civsTurbo modeCheats
Victory
Defeat
🇨🇿 Dravidians · Czechia
1288
+6
🇩🇪 Magyars · Germany
1265
+7
🇲🇽 Khitans · Mexico
639
+29
🇺🇸 Huns · United States
1194
-22
🇺🇸 Teutons · United States
1052
-15
🇨🇴 Georgians · Colombia
848
-7
TheeVeran
Imperial Guard
0:44 Double-Bit Axe
2:30 Fishing Lines
7:56 Castle Age
8:33 Bloodlines
9:15 Bow Saw
10:29 Husbandry
estebassguitar
1:51 Double-Bit Axe
4:58 Wheelbarrow
7:24 Gold Mining
10:19 Castle Age
10:47 Pikeman
Wendy9235
0:56 Double-Bit Axe
1:58 Domestication
3:37 Wheelbarrow
7:32 Fishing Lines
11:03 Castle Age
8:49 Town Watch
11:34 Forging
11:24 Scale Mail Armor
11:30 Scale Barding Armor
11:26 Padded Archer Armor
12:49 Hand Cart
13:17 Medium Warships
Datros
1:11 Double-Bit Axe
5:31 Bloodlines
6:41 Fishing Lines
8:02 Scale Barding Armor
12:26 Castle Age
10:12 Horse Collar
Tavik
0:55 Double-Bit Axe
1:57 Fletching
8:23 Castle Age
8:27 Crossbowman
9:13 Thumb Ring
9:53 Bodkin Arrow
Connection lost

Rejoining the realm…

Still unreachable

The connection could not be restored.

Session expired

The server has moved on; the page needs a fresh start.